 Dungeon Crawl Stone Soup version 0.20.1-1-g8b1a95d (webtiles) character file.

293 mastercheaf21 the Covert (level 6, -3/39 HPs)
             Began as an Octopode Assassin on Nov 8, 2017.
             Slain by Sigmund
             ... wielding a +0 scythe
              (13 damage)
             ... on level 4 of the Dungeon.
             The game lasted 00:16:11 (3891 turns).

mastercheaf21 the Covert (Octopode Assassin)        Turns: 3891, Time: 00:16:12

Health: -3/39      AC:  1    Str: 11    XL:     6   Next: 33%
Magic:  6/6        EV: 19    Int: 14    God:
Gold:   177        SH:  0    Dex: 14    Spells: 5/5 levels left

rFire    . . .     SeeInvis .   a - +2 dagger
rCold    . . .     Gourm    .   (no shield)
rNeg     . . .     Faith    .   (helmet restricted)
rPois    .         Spirit   .   e - amulet of rage
rElec    .         Reflect  .   j - +5 ring of evasion
rCorr    .         Harm     .   (no ring)
MR       .....                  (no ring)
Stlth    +++.......             (no ring)
Regen    0.2/turn               (no ring)
MPRegen  0.1/turn               (no ring)
                                (no ring)
                                (no ring)

@: confused
A: almost no armour, stealthy swim, amphibious, 8 rings, constrict 8, camouflage
1, gelatinous body 1
a: Evoke Berserk Rage


You were on level 4 of the Dungeon.
You were hungry.

You visited 1 branch of the dungeon, and saw 4 of its levels.

You collected 177 gold pieces.

Inventory:

Hand Weapons
 a - a +2 dagger (weapon)
 b - a +0 blowgun
Missiles
 c - 66 poisoned needles
 d - 2 curare-tipped needles
 h - 6 tomahawks (quivered)
Jewellery
 e - an amulet of rage (around mantle)
 j - a +5 ring of evasion (left tentacle)
Wands
 o - a wand of random effects (25/48)
Scrolls
 n - a scroll of fog {unknown}
 p - 2 scrolls of enchant weapon {unknown}
 q - 3 scrolls of amnesia {unknown}
 r - a scroll of recharging {unknown}
 s - 2 scrolls of immolation {unknown}
 t - a scroll of identify {unknown}
 u - a scroll of remove curse {unknown}
Potions
 i - a potion of lignification {unknown}
 k - a potion of mutation {unknown}
 l - 2 potions of curing {unknown}
 v - 2 potions of agility {unknown}
 x - a potion of heal wounds {unknown}
Comestibles
 f - 2 bread rations
 g - 3 fruits
 m - a royal jelly
 w - a chunk of flesh


   Skills:
 - Level 2.0 Fighting
 - Level 2.0 Short Blades
 - Level 2.0 Throwing
 + Level 2.6 Dodging
 + Level 9.6 Stealth


You had 5 spell levels left.
You didn't know any spells.

Dungeon Overview and Level Annotations

Branches:
Dungeon (4/15)
 Temple: D:4-7

Altars:

Annotations:
D:4 Sigmund


Innate Abilities, Weirdness & Mutations

You cannot wear most types of armour.
You are very stealthy in the water. (Stealth+)
You are amphibious.
You can wear up to eight rings at the same time.
You can use your tentacles to constrict eight enemies at once.
Your skin changes colour to match your surroundings (Stealth+).
Your rubbery body absorbs attacks. (AC +1, EV +1)


Message History

Sigmund casts a spell.
Sigmund flickers and vanishes!
Deactivating autopickup; reactivate with Ctrl-A.
You are feeling hungry.
Something hits you. Something barely misses you. Something hits you!
You hit something.
You hear some strange, mumbled words.
You are confused.
You bump into the rock wall.
You hear some strange, mumbled words.
A magic dart appears from out of thin air!
The magic dart hits you!
You bump into the rock wall.
Something hits you.
You bump into the rock wall.
Something hits you.
* * * LOW HITPOINT WARNING * * *
Something hits you!
You die...

#.#### #....#
#.####.## ##+####
#.......# .......
#######..#####.∩.....
.....................
#######.#.###.....$.
#..{###...###
#.@........#
#..........#
#.....<....#
############


There were no monsters in sight!

Vanquished Creatures
  An ogre (D:3)
  Robin (D:2)
  4 gnolls (D:2)
  9 adders
  3 worms
  2 dart slugs
  2 leopard geckos
  2 orcs (D:3)
  8 bats
  A giant cockroach (D:3)
  15 goblins
  3 hobgoblins (D:2)
  2 jackals (D:3)
  3 quokkas
  2 frilled lizards (D:2)
  5 kobolds
  5 rats
68 creatures vanquished.

Notes
Turn   | Place    | Note
-------+----------+-------------------------------------------
     0 | D:1      | mastercheaf21 the Octopode Assassin began the quest for the Orb.
     0 | D:1      | Reached XP level 1. HP: 14/14 MP: 1/1
   753 | D:1      | Reached XP level 2. HP: 16/19 MP: 2/2
   754 | D:1      | Reached skill level 6 in Stealth
   861 | D:2      | Noticed Robin
  1142 | D:2      | Killed Robin
  1142 | D:2      | Reached XP level 3. HP: 20/24 MP: 3/3
  1248 | D:2      | Reached skill level 7 in Stealth
  1473 | D:3      | Reached XP level 4. HP: 29/29 MP: 4/4
  1712 | D:3      | Noticed an ogre
  1732 | D:3      | Killed an ogre
  1732 | D:3      | Reached skill level 8 in Stealth
  1732 | D:3      | Reached XP level 5. HP: 14/34 MP: 5/5
  2346 | D:2      | Reached skill level 9 in Stealth
  2530 | D:2      | Reached XP level 6. HP: 16/39 MP: 6/6
  3871 | D:4      | Noticed Sigmund
  3891 | D:4      | Slain by Sigmund

Skill      XL: |  1  2  3  4  5 |
---------------+----------------+-----
Stealth        | 6 7 8 9 |  9.6
Dodging        | 2 |  2.6
Fighting       | |  2.0
Short Blades   | |  2.0
Throwing       | |  2.0

Action                   |  1- 3 |  4- 6 || total
-------------------------+-------+-------++-------
Melee: Dagger            |    69 |   103 ||   172
       Constrict         |    19 |    19 ||    38
       Tentacles         |     9 |    10 ||    19
 Fire: Blowgun           |     4 |       ||     4
 Stab: Sleeping          |     8 |    11 ||    19
       Distracted        |       |     1 ||     1
  Eat: Chunk             |     1 |     6 ||     7
       Fruit             |       |     2 ||     2
Armor: Skin              |     5 |     2 ||     7
Dodge: Dodged            |    54 |    63 ||   117
